 Dungeon Crawl Stone Soup version 0.26-a0-712-ga5a9c9c9d0 (webtiles) character file.

Game seed: 8703026755329733053

3070 kae the Transmogrifier (level 9, -3/70 HPs)
             Began as a Naga Transmuter on Nov 4, 2020.
             Was an Initiate of Cheibriados.
             Slain by a two-headed ogre
             ... wielding a +0 giant spiked club
              (14 damage)
             ... on level 8 of the Dungeon.
             The game lasted 00:06:27 (11366 turns).

kae the Transmogrifier (Naga Transmuter)           Turns: 11366, Time: 00:06:27

Health: -3/70      AC:  2    Str: 16    XL:     9   Next: 88%
Magic:  9/12       EV: 19    Int: 14    God:    Cheibriados [......]
Gold:   502        SH:  0    Dex: 19    Spells: 3/12 levels left

rFire    . . .     SeeInvis +     - Unarmed
rCold    . . .     Faith    .   (shield currently unavailable)
rNeg     . . .     Spirit   .   (armour currently unavailable)
rPois    x         Reflect  .   (helmet currently unavailable)
rElec    .         Harm     .   (cloak currently unavailable)
rCorr    .         Rampage  .   (gloves currently unavailable)
MR       +....                  (no barding)
Stlth    +++.......             (no amulet)
HPRegen  0.21/turn              e - ring of wizardry
MPRegen  0.13/turn              o - ring of stealth

@: spider-form, very slow
A: tiny, see invisible, spit poison 1, AC +3
a: Spit Poison, End Transformation, Bend Time, Renounce Religion


You were on level 8 of the Dungeon.
You worshipped Cheibriados.
Cheibriados was noncommittal.
You were a venomous arachnid creature.
You visited 2 branches of the dungeon, and saw 9 of its levels.

You collected 502 gold pieces.

Inventory:

Armour
 a - a +1 robe (melded)
Jewellery
 e - a ring of wizardry (left front leg)
 i - an uncursed ring of see invisible
 n - an uncursed ring of stealth
 o - a ring of stealth (right front leg)
Wands
 h - a wand of iceblast (6)
 j - a wand of random effects (11)
 q - a wand of disintegration (16)
 w - a wand of enslavement (7)
Scrolls
 b - 4 scrolls of remove curse
 d - 5 scrolls of identify
 l - 2 scrolls of teleportation
 m - a scroll of enchant weapon
 r - 2 scrolls of fog
 v - a scroll of blinking {unknown}
Potions
 c - 5 potions of haste
 f - a potion of curing
 g - 2 potions of degeneration
 k - a potion of flight
 p - 2 potions of brilliance
 s - 2 potions of lignification
 u - a potion of mutation
 x - 2 potions of heal wounds {unknown}


   Skills:
 - Level 1.0 Fighting
 - Level 1.5 Dodging
 + Level 8.1 Unarmed Combat
 + Level 2.1 Spellcasting
 * Level 10.9 Transmutations
 - Level 3.0 Poison Magic


You had 3 spell levels left.
You knew the following spells:

 Your Spells              Type           Power        Failure   Level
a - Beastly Appendage     Tmut           ####..       1%          1
b - Spider Form           Tmut/Pois      ###.......   5%          3
c - Blade Hands           Tmut           ####......   9%          5

Your spell library contained the following spells:

 Spells                   Type           Power        Failure   Level
 Wereblood                Tmut           ####....     1%          2
 Poisonous Vapours        Pois/Air       #.....       16%         2
 Magic Dart               Conj           #...         21%         1
 Blink                    Tloc           N/A          26%         2
 Call Imp                 Summ           #.......     26%         2
 Slow                     Hex            #.......     26%         2
 Mephitic Cloud           Conj/Pois/Air  #.......     32%         3
 Confusing Touch          Hex            #.......     43%         3
 Conjure Flame            Conj/Fire      #.......     43%         3
 Gell's Gravitas          Tloc           #.........   43%         3
 Ice Form                 Ice/Tmut       ###.....     21%         4
 Petrify                  Tmut/Erth      ###.....     21%         4
 Yara's Violent Unravell  Hex/Tmut       ###.......   43%         5
 Metabolic Englaciation   Hex/Ice        #.........   97%         5
 Ignition                 Fire           #.........   100%        8


Dungeon Overview and Level Annotations

Branches:
Dungeon (8/15)             Temple (1/1) D:7            Lair (0/6) D:8

Altars:
Ashenzari
Cheibriados
Dithmenos
Elyvilon
Fedhas
Gozag
Hepliaklqana
Kikubaaqudgha
Makhleb
Nemelex Xobeh
Okawaru
Qazlal
Ru
Sif Muna
Trog
Uskayaw
Vehumet
Xom
Yredelemnul
The Shining One


Innate Abilities, Weirdness & Mutations

You cannot wear boots.
((Your serpentine skin is tough. (AC +3)))
You have supernaturally acute eyesight. (SInv)
((Armour fits poorly on your strangely shaped body.))
((Your system is resistant to poisons. (rPois)))
((You cover ground very slowly.))
You can spit poison.


Message History

A two-headed ogre comes into view.
It is wielding a +0 giant spiked club and a +0 giant club.
The two-headed ogre shouts in stereo!
Found a twisted agate ring.
You barely miss the two-headed ogre. Your punch misses the two-headed ogre.
A worker ant comes into view.
The two-headed ogre hits you with a +0 giant spiked club!
The two-headed ogre hits you with a +0 giant club!!
There are monsters nearby!
There are monsters nearby!
The worker ant bites you.
Okay, then.
Casting: Spider Form (safe; 1% risk of failure)
Confirm with . or Enter, or press ? or * to list all spells.
You turn into a venomous arachnid creature.
Your +1 robe melds into your body.
A hound comes into view.
The two-headed ogre hits you with a +0 giant spiked club!!
* * * LOW HITPOINT WARNING * * *
The two-headed ogre hits you with a +0 giant club!
You die...

### ..# ## #h#
# . #.# .# ##.
#.#.##.####
#...#.#.#..=...
.._....B...# #
... #O# #.##.#
#s# .... #.#
#.####.####.#
#...........#
######.######
#...# #.# #..##
#.# #.######.#
#......#.#


You could see a two-headed ogre, a hound (wandering) and a worker ant.

Vanquished Creatures
  Grinder (D:5)
  3 wargs (D:8)
  An orc warrior (D:7)
  A sky beast (D:5)
  A necrophage (D:6)
  4 phantoms
  3 ogres
  A centaur (D:5)
  A gnoll sergeant (D:7)
  A bullfrog (D:8)
  5 scorpions
  5 wights (D:3)
  A centaur zombie (D:5)
  A jelly (D:7)
  4 orc priests
  3 hounds
  A bullfrog skeleton (D:6)
  7 orc wizards
  Ijyb (D:5)
  3 iguanas
  5 worker ants
  2 howler monkey zombies
  9 adders
  5 gnolls
  2 shadow imps (D:5)
  A white imp (D:6)
  An ufetubus (D:6)
  An ooze (D:4)
  An adder skeleton (D:5)
  3 worms
  2 dart slugs
  2 leopard geckos
  16 orcs
  2 ball pythons
  8 bats
  8 giant cockroaches
  12 goblins
  4 hobgoblins
  2 jackals (D:4)
  4 quokkas
  6 frilled lizards
  A jackal skeleton (D:4)
  6 kobolds
  2 leopard gecko skeletons (D:4)
  8 rats
161 creatures vanquished.

Vanquished Creatures (others)
  2 plants (D:2)
2 creatures vanquished.

Grand Total: 163 creatures vanquished

Notes
Turn   | Place    | Note
-------+----------+-------------------------------------------
     0 | D:1      | kae the Naga Transmuter began the quest for the Orb.
     0 | D:1      | Reached XP level 1. HP: 18/18 MP: 3/3
   230 | D:1      | Reached XP level 2. HP: 24/25 MP: 3/5
  1141 | D:1      | Reached skill level 3 in Transmutations
  1146 | D:1      | Reached XP level 3. HP: 30/31 MP: 3/6
  1520 | D:2      | Found a stormy altar of Qazlal.
  1986 | D:2      | Reached XP level 4. HP: 23/38 MP: 7/7
  2148 | D:2      | Found a glowing golden altar of the Shining One.
  2935 | D:2      | Learned a level 3 spell: Spider Form
  3360 | D:3      | Found a hide-covered altar of Uskayaw.
  3522 | D:3      | Found a faded altar of an unknown god.
  3562 | D:3      | Reached skill level 4 in Transmutations
  3562 | D:3      | Reached skill level 1 in Poison Magic
  3562 | D:3      | Reached XP level 5. HP: 28/44 MP: 5/8
  3825 | D:3      | Reached XP level 6. HP: 6/51 MP: 7/9
  4120 | D:3      | Reached skill level 5 in Transmutations
  4616 | D:4      | Found a sparkling altar of Nemelex Xobeh.
  4628 | D:4      | Reached XP level 7. HP: 34/57 MP: 5/10
  4911 | D:4      | Reached skill level 5 in Unarmed Combat
  4911 | D:4      | Reached skill level 6 in Transmutations
  5499 | D:4      | Found a broken altar of Ashenzari.
  5500 | D:4      | Found a white marble altar of Elyvilon.
  5500 | D:4      | Found a bloodstained altar of Trog.
  5980 | D:4      | Identified Sif Muna's Collected Works on Torrid Venom
  6170 | D:5      | Entered Level 5 of the Dungeon
  6238 | D:5      | Reached skill level 7 in Transmutations
  6424 | D:5      | Noticed Ijyb
  6427 | D:5      | Paralysed by Ijyb for 4 turns
  6463 | D:4      | Reached XP level 8. HP: 14/64 MP: 8/11
  6755 | D:5      | Killed Ijyb
  7321 | D:5      | Reached skill level 8 in Transmutations
  7494 | D:5      | Noticed Grinder
  7513 | D:5      | Killed Grinder
  7616 | D:5      | Found a shadowy altar of Dithmenos.
  7941 | D:6      | Reached skill level 9 in Transmutations
  7991 | D:6      | Reached XP level 9. HP: 32/70 MP: 7/12
  8331 | D:6      | Found a shimmering altar of Xom.
  8975 | D:7      | Found an iron altar of Okawaru.
  9802 | D:7      | Reached skill level 10 in Transmutations
 10484 | D:7      | Found a staircase to the Ecumenical Temple.
 10671 | Temple   | Entered the Ecumenical Temple
 10713 | Temple   | Became a worshipper of Cheibriados the Contemplative
 10791 | D:8      | Found a staircase to the Lair.
 11147 | D:8      | Learned a level 5 spell: Blade Hands
 11351 | D:8      | Found a sacrificial altar of Ru.
 11361 | D:8      | Noticed a two-headed ogre
 11366 | D:8      | Slain by a two-headed ogre

Illustrated notes

Levels and vault maps discovered:
D:1:      wander_arrival_desolate, layout_loops_corners
D:2:      layout_loops_corners, old_standard_altar, grunt_qazlal_sundering,
          serial_bayou_pond_e
D:3:      layout_rooms, marbit_many_paths, chequers_ecumenical_altar_island
D:4:      layout_loops_ring, nemelex_xobeh_ov_fountains_minmay,
          grunt_temple_overflow_open
D:5:      layout_rooms, nicolae_dithmenos_through_a_glass_darkly, uniq_ijyb,
          uniq_grinder
D:6:      layout_basic, xom_butterflies
D:7:      layout_loops_ring, okawaru_metal_pillars_1_2, temple_doors_cd,
          nicolae_ossuary_entry_ruins
D:8:      layout_loops_ring, nicolae_ru_sacrificial_ziggurat,
          erik_lair_orcish_takeover, jmf_multi_god_temple2
Temple:   jpeg_temple_island

Skill      XL: |  1  2  3  4  5  6  7  8  9 |
---------------+----------------------------+-----
Transmutations | 3 4 5 7 9 10 | 10.9
Poison Magic   | 1 3 |  3.0
Unarmed Combat | 4 5 6 8 |  8.1
Fighting       | |  1.0
Dodging        | |  1.5
Spellcasting   | |  2.1

Action                   |  1- 3 |  4- 6 |  7- 9 || total
-------------------------+-------+-------+-------++-------
Melee: Unarmed           |    77 |   121 |   395 ||   593
       Headbutt          |    12 |    10 |       ||    22
       Punch             |     2 |       |       ||     2
 Cast: Beastly Appendage |    24 |    14 |       ||    38
       Spider Form       |       |    11 |    54 ||    65
 Abil: Spit Poison       |    18 |    14 |    25 ||    57
  Use: Potion            |       |     4 |       ||     4
       Scroll            |       |       |    12 ||    12
 Stab: Sleeping          |       |       |     2 ||     2
Armor: Robe              |    14 |    17 |     7 ||    38
       Skin              |       |    12 |    19 ||    31
Dodge: Dodged            |    47 |    88 |   280 ||   415

Table legend: (Time is in decaauts)
 A = Elapsed time spent in this place.
 B = Non-inter-level travel time spent in this place.
 C = Inter-level travel time spent in this place.
 D = Time resting spent in this place.
 E = Time spent auto-exploring this place.
 F = Levels seen in this place.
 G = Mean time per level.
                   A        B        C        D        E       F      G
               +--------+--------+--------+--------+--------+-----+--------+
         Total |  13093 |  12673 |    420 |   1204 |   9956 |   9 | 1454.8 |
       Dungeon |  12965 |  12615 |    350 |   1204 |   9910 |   8 | 1620.6 |
        Temple |    128 |     59 |     69 |      0 |     45 |   1 |  128.0 |
               +--------+--------+--------+--------+--------+-----+--------+

Top non-repeatable levels by time:
     D:4: 2448 daAuts
     D:6: 1886 daAuts
     D:2: 1825 daAuts
     D:1: 1733 daAuts
     D:3: 1524 daAuts
     D:7: 1470 daAuts
     D:5: 1374 daAuts
     D:8: 704 daAuts
  Temple: 128 daAuts
